 Dungeon Crawl Stone Soup version 0.24.1-14-gf8d2b509d9 (webtiles) character file.

Game seed: 17336835883806002299, levelgen mode: deterministic

308 Curus the Cudgeler (level 6, 0/37 HPs)
             Began as a Gargoyle Fighter on May 29, 2020.
             Slain by an ogre
             ... wielding a +0 giant club
              (7 damage)
             ... on level 4 of the Dungeon.
             The game lasted 00:13:32 (2620 turns).

Curus the Cudgeler (Gargoyle Fighter)               Turns: 2620, Time: 00:13:32

Health: 0/37       AC: 13    Str: 20    XL:     6   Next: 40%
Magic:  6/6        EV:  7    Int:  8    God:
Gold:   130        SH:  9    Dex: 11    Spells: 5/5 levels left

rFire    . . .     SeeInvis .   a - +3 flail
rCold    + . .     Gourm    .   c - +0 shield
rNeg     + . .     Faith    .   b - +0 scale mail
rPois    ∞         Spirit   .   (no helmet)
rElec    +         Reflect  .   (no cloak)
rCorr    +         Harm     .   i - +0 pair of gloves
MR       .....                  e - +0 pair of boots
Stlth    ..........             (no amulet)
HPRegen  0.12/turn              u - ring of resist corrosion
MPRegen  0.10/turn              k - ring of protection from cold

@: no status effects
A: negative energy resistance 1, electricity resistance, unbreathing,
petrification resistance, rot immunity, AC +4
a: no special abilities


You were on level 4 of the Dungeon.
You were not hungry.

You visited 1 branch of the dungeon, and saw 4 of its levels.

You collected 130 gold pieces.

Inventory:

Hand Weapons
 a - a +3 flail (weapon)
Armour
 b - a +0 scale mail (worn)
 c - a +0 shield (worn)
 e - a +0 pair of boots (worn)
 i - a +0 pair of gloves (worn)
Jewellery
 h - an uncursed ring of positive energy
 j - an uncursed ring of magical power
 k - a ring of protection from cold (right hand)
 u - a ring of resist corrosion (left hand)
Wands
 n - a wand of acid (10)
Scrolls
 l - 2 scrolls of teleportation
 m - a scroll of enchant weapon
 p - a scroll of identify
 q - a scroll of magic mapping
 r - 2 scrolls of remove curse
Potions
 d - 2 potions of might
 g - 2 potions of agility
 o - a potion of cancellation
 s - a potion of brilliance
 t - a potion of ambrosia
Comestibles
 f - 5 rations
 v - 4 chunks of flesh


   Skills:
 - Level 3.2 Fighting
 + Level 6.6 Maces & Flails
 - Level 3.2 Armour
 - Level 3.2 Shields


You had 5 spell levels left.
You didn't know any spells.
Your spell library contained the following spells:

 Spells                   Type           Power        Failure   Level  Hunger
 Magic Dart               Conj           #...         99%         1    ##.....
 Blink                    Tloc           N/A          100%        2    ###....
 Call Imp                 Summ           #.......     100%        2    ###....
 Slow                     Hex            #.......     100%        2    ###....
 Conjure Flame            Conj/Fire      #.......     100%        3    ####...
 Mephitic Cloud           Conj/Pois/Air  #.......     100%        3    ####...


Dungeon Overview and Level Annotations

Branches:
Dungeon (4/15)
 Temple: D:4-7

Altars:


Innate Abilities, Weirdness & Mutations

You are resistant to torment.
Your stone body is resilient. (AC +4)
You are immune to poison.
You resist negative energy. (rN+)
You are resistant to electric shocks. (rElec)
You can survive without breathing.
You are immune to petrification.
You are immune to rotting.


Message History

Evoke which item? (* to show all) (? for menu, Esc to quit)
Aiming: Corrosive Bolt
Press: ? - help, Shift-Dir - straight line, f - worm
Aim: a worm The bolt of acid hits the ogre!
The ogre is splashed with acid.
The acid corrodes the ogre!
The ogre is heavily wounded.
The bolt of acid hits the worm!
The worm is splashed with acid.
The worm is almost dead.
You hit the ogre.
The ogre is severely wounded.
The ogre hits you with a +0 giant club!
You hit the ogre.
The ogre is almost dead.
The ogre hits you with a +0 giant club!
* * * LOW HITPOINT WARNING * * *
You completely miss the ogre.
The ogre is almost dead.
The ogre hits you with a +0 giant club!
You die...

##. #...# #.. #..#..
## ##)[
#....#..##.##...
##.....##.#....(##
##.......#.....(..#
##..w..|..##........
#...O.....##........
#.#@....:# #.......÷
#..##...####........
#...#######..#......
#.#.†.####..........
#.###.......#.......
#..........##..#....
#..........##.###...
#..........##......#
###.......####....##


You could see an ogre and a worm.

Vanquished Creatures
  A centaur (D:4)
  A howler monkey (D:4)
  Jessica (D:3)
  A worker ant (D:3)
  8 adders
  2 adder skeletons (D:4)
  3 dart slugs (D:3)
  3 leopard geckos
  5 giant cockroaches
  10 goblins
  4 hobgoblins
  2 jackals (D:1)
  9 kobolds
  2 quokkas (D:3)
  4 bats (D:2)
  6 frilled lizards
  A jackal skeleton (D:4)
  3 rats
66 creatures vanquished.

Notes
Turn   | Place    | Note
-------+----------+-------------------------------------------
     0 | D:1      | Curus the Gargoyle Fighter began the quest for the Orb.
     0 | D:1      | Reached XP level 1. HP: 14/14 MP: 1/1
   204 | D:1      | Reached XP level 2. HP: 15/19 MP: 2/2
   435 | D:1      | Reached skill level 3 in Maces & Flails
   782 | D:2      | Reached XP level 3. HP: 19/23 MP: 3/3
   807 | D:2      | Found a faded altar of an unknown god.
  1306 | D:2      | Reached skill level 4 in Maces & Flails
  1410 | D:2      | Reached XP level 4. HP: 28/28 MP: 4/4
  1871 | D:3      | Noticed Jessica
  1877 | D:3      | Killed Jessica
  1877 | D:3      | Reached skill level 5 in Maces & Flails
  1877 | D:3      | Reached XP level 5. HP: 31/32 MP: 5/5
  1888 | D:3      | Identified Jessica's Incunabulum of Translocation
  2467 | D:4      | Noticed a centaur
  2479 | D:4      | Killed a centaur
  2479 | D:4      | Reached skill level 6 in Maces & Flails
  2479 | D:4      | Reached XP level 6. HP: 37/37 MP: 6/6
  2620 | D:4      | Slain by an ogre

Levels and vault maps discovered:
D:1:      dpeg_arrival_leaves_temple_mockup, layout_loops_cross
D:2:      layout_loops_corners, first_ration,
          chequers_ecumenical_altar_simple_redux, kennysheep_crisscross,
          kennysheep_big_empty_room
D:3:      layout_loops_cross, kennysheep_jessica_study
D:4:      layout_cave_pools, minmay_temple_entry_stoned_glass,
          minmay_manual_moon

Skill      XL: |  1  2  3  4  5 |
---------------+----------------+-----
Maces & Flails | 3 4 5 6 |  6.6
Fighting       | |  3.2
Armour         | |  3.2
Shields        | |  3.2

Action                   |  1- 3 |  4- 6 || total
-------------------------+-------+-------++-------
Melee: Flail             |   108 |   147 ||   255
Evoke: Wand              |       |     1 ||     1
  Use: Scroll            |     4 |     7 ||    11
       Potion            |     1 |     8 ||     9
  Eat: Chunk             |     1 |     5 ||     6
Armor: Scale mail        |    48 |    74 ||   122
Dodge: Dodged            |    25 |    39 ||    64
Block: Shield            |    51 |    53 ||   104
